 Dungeon Crawl Stone Soup version 0.31-a0-219-g8d62b2e7bb (webtiles) character file.

Game seed: 16091151561384114381

14935 qw the Cleaver (level 12, -8/78 HPs)
             Began as a Gargoyle Fighter on July 3, 2023.
             Was an Elder of Okawaru.
             Mangled by a 15-headed hydra (11 damage)
             ... on level 2 of the Lair of Beasts.
             The game lasted 00:05:01 (9991 turns).

qw the Cleaver (Gargoyle Fighter)                   Turns: 9991, Time: 00:05:02

Health: -8/78      AC: 32    Str: 24    XL:     12   Next: 21%
Magic:  16/17      EV: 16    Int: 11    God:    Okawaru [****..]
Gold:   346        SH: 15    Dex: 12    Spells: 11/11 levels left

rFire   + . .        Y - +5 war axe (spect)
rCold   + . .        o - +0 kite shield
rNeg    + . .        t - +0 plate armour
rPois   inf          (no helmet)
rElec   +            p - +1 cloak {Stlth+}
rCorr   .            g - +2 pair of gloves
SInv    .            (no boots)
Will    .....        (no amulet) Stlth
                     c - ring of the Octopus King {rC+ HP+2 AC+2 EV+2 SH+2}
HPRegen 0.33/turn    n - +5 ring of evasion
MPRegen 0.15/turn

%: clarity
@: about to teleport, heroic
A: sickness immunity, AC +8, negative energy resistance 1, electricity
resistance, torment resistance 1, petrification resistance, agile 1, clarity,
clever 1, fire resistance 1, subdued magic 1
a: Renounce Religion, Heroism, Finesse


You were on level 2 of the Lair of Beasts.
You worshipped Okawaru.
Okawaru was greatly pleased with you.
You visited 3 branches of the dungeon, and saw 12 of its levels.
You also visited: Ossuary and Gauntlet.

You collected 454 gold pieces.
You spent 108 gold pieces at shops.


Innate Abilities, Weirdness & Mutations

You are immune to sickness and miasma.
Your stone body is resilient. (AC +8)
You are immune to poison.
You resist negative energy. (rN+)
You are resistant to electric shocks. (rElec)
You are resistant to unholy torment.
You are immune to petrification.
You are agile. (Dex +4, Str/Int -1)
You possess an exceptional clarity of mind.
Your mind is acute. (Int +4, Str/Dex -1)
Your flesh is heat resistant. (rF+)
Your spells are a little easier to cast, but a little less powerful.


   Skills:
 - Level 9.0(14.0) Fighting
 + Level 11.1(16.1) Axes
 - Level 3.2(8.2) Throwing
 - Level 8.1(13.1) Armour
 - Level 2.7(7.7) Dodging
 - Level 10.0(15.0) Shields
 + Level 6.8 Invocations


You had 11 spell levels left.
You didn't know any spells.
Your spell library was empty.

Inventory:

Hand Weapons
 Y - a +5 spectral war axe (weapon)
Armour
 g - a +2 pair of gloves (worn)
 o - a +0 kite shield (worn)
 p - a +1 cloak of stealth (worn)
 t - a +0 plate armour (worn)
Jewellery
 b - a ring of protection from cold
 c - a ring of the Octopus King (left hand) {rC+ HP+2 AC+2 EV+2 SH+2}
   (You found it in a Gauntlet)

   [ring of protection from cold]

   AC:        It affects your AC (+2).
   EV:        It affects your evasion (+2).
   rC:        It protects you from cold.
   HP:        It affects your health (+2).
   SH:        It affects your SH (+2).
 n - a +5 ring of evasion (right hand)
Scrolls
 f - 3 scrolls of identify
 h - a scroll of torment {unknown}
 q - 3 scrolls of teleportation
Potions
 a - 2 potions of cancellation
 d - 2 potions of might
 e - 4 potions of curing
 i - 3 potions of lignification
 k - 3 potions of heal wounds
 l - 2 potions of attraction
 m - 3 potions of mutation

Dungeon Overview and Level Annotations

Branches:
Dungeon (8/15)             Temple (1/1) D:6            Lair (3/5) D:8
Ossuary (visited)         Gauntlet (visited)
  Swamp: Lair:2-3    Shoals: Lair:2-3     Snake: Lair:2-3    Spider: Lair:2-3

Altars:
Ashenzari
Cheibriados
Dithmenos
Elyvilon
Fedhas
Gozag
Hepliaklqana
Kikubaaqudgha
Makhleb
Okawaru
Qazlal
Ru
Sif Muna
Trog
Vehumet
Wu Jian
Xom
Yredelemnul
Zin
The Shining One

Shops:
D:4 *   D:5 !

Annotations:
D:7 3 runed translucent doors, qw's ghost, novice GrFi


Message History

The nine-headed hydra grows two more!
The black mamba bites the fungus.
The 11-headed hydra barely misses you.
The 11-headed hydra completely misses you.
The 11-headed hydra bites you!
The 11-headed hydra completely misses you.
You block the 11-headed hydra's attack. x2; The 11-headed hydra bites you! x2
The 11-headed hydra closely misses you.
The 11-headed hydra bites you but does no damage.
The 11-headed hydra barely misses you.
The black mamba bites the fungus.
You hack one of the 11-headed hydra's heads off!
The ten-headed hydra grows two more!
You slash the 12-headed hydra!
The 12-headed hydra is moderately wounded.
Your +5 spectral war axe hits the 12-headed hydra.
Your +5 spectral war axe lops one of the 12-headed hydra's heads off!
The 11-headed hydra grows two more!
The black mamba bites the fungus!
You slice one of the 13-headed hydra's heads off!
The 12-headed hydra grows two more!
You hit the 14-headed hydra.
The 14-headed hydra is lightly wounded.
Your +5 spectral war axe hits the 14-headed hydra!
Your +5 spectral war axe lops one of the 14-headed hydra's heads off!
The 13-headed hydra grows two more!
The black mamba bites the fungus!
The 15-headed hydra bites you but does no damage.
You block the 15-headed hydra's attack. x2
The 15-headed hydra completely misses you.
You block the 15-headed hydra's attack. x2
The 15-headed hydra barely misses you. You block the 15-headed hydra's attack.
The 15-headed hydra bites you but does no damage.
The 15-headed hydra completely misses you.
The 15-headed hydra bites you but does no damage. x2
The 15-headed hydra bites you!
The 15-headed hydra bites you but does no damage.
The 15-headed hydra barely misses you.
9991 ||| READING 4 scrolls of teleportation.
As you read the scroll of teleportation, it crumbles to dust.
You feel strangely unstable.
Your +5 spectral war axe disappears.
A nearby fungus withers and dies.
The 15-headed hydra bites you!
The 15-headed hydra bites you but does no damage.
The 15-headed hydra bites you!
You die...

# # ### ##.. ### #...
#.##########..
#########).##P..#P...
#.SD@................
#..#.###.##.##.##.#..
.... ###
###########... .##P
##.. # ##. #. ##.
###.. # ###....


You could see a 15-headed hydra and a black mamba.

Vanquished Creatures
  A minotaur (Gauntlet)
  A hydra (Lair:1)
  2 skysharks (Lair:2)
  Pikel (D:8)
  An ice statue (Gauntlet)
  6 elephants (Lair:1)
  2 rime drakes
  6 cane toads
  5 komodo dragons
  A troll (D:8)
  Grinder (D:5)
  A hornet (D:7)
  2 centaur simulacra (Gauntlet)
  3 flying skulls (Gauntlet)
  3 yaks (Lair:1)
  A basilisk (Lair:2)
  A wyvern (Lair:2)
  Edmund (D:6)
  2 wargs (D:8)
  A hydra simulacrum (Gauntlet)
  7 water moccasins
  Pargi (D:3)
  2 orc warriors (D:8)
  2 sky beasts (D:8)
  2 ice beasts
  A black bear (D:8)
  A lemure (D:8)
  A kobold brigand (D:7)
  2 phantoms
  Blork the orc (D:6)
  3 elf zombies
  11 bullfrogs
  2 elf skeletons (D:5)
  A scorpion (D:5)
  A hornet simulacrum (Gauntlet)
  2 jellies
  2 hounds (D:7)
  2 orc priests (D:8)
  A gnoll bouda (D:8)
  2 human zombies (Ossuary)
  5 iguanas
  4 orc wizards (D:8)
  2 mummies (Ossuary)
  5 gnolls (D:8)
  11 adders
  A shadow imp (D:6)
  2 ufetubi
  A worm (D:2)
  2 dart slugs
  17 orcs
  6 ball pythons
  5 endoplasms
  4 giant cockroaches
  5 goblins
  11 hobgoblins
  3 jackals (D:3)
  6 quokkas
  4 bats
  2 frilled lizards
  9 hobgoblin zombies (Ossuary)
  2 jackal zombies (Ossuary)
  11 kobolds
  9 kobold zombies (Ossuary)
  An orc skeleton (D:5)
  12 orc zombies
  3 rats
  2 rat zombies (Ossuary)
234 creatures vanquished.

Notes
Turn   | Place    | Note
-------+----------+-------------------------------------------
     0 | D:1      | qw the Gargoyle Fighter began the quest for the Orb.
     0 | D:1      | Reached XP level 1. HP: 14/14 MP: 1/1
     0 | D:1      | 0 ||| qw: Version: 0.3-a-40-ge99b1a8
     0 | D:1      | 0 ||| qw: Game counter: 394
     0 | D:1      | 0 ||| qw: Melee chars always use a shield: true
     0 | D:1      | 0 ||| qw: God list: Okawaru
     0 | D:1      | 0 ||| qw: Allow faded altars: false
     0 | D:1      | 0 ||| qw: Do Orc after clearing Dungeon:15 true
     0 | D:1      | 0 ||| qw: Do second Lair branch before Depths: true
     0 | D:1      | 0 ||| qw: Lair rune preference: random
     0 | D:1      | 0 ||| qw: Goals: Normal, Zot:1-4, Slime:5, God:TSO, Crypt,
                  | Tomb, Abyss, Pan, Hells, Win
     0 | D:1      | 0 ||| PLANNING D:1-11
    61 | D:1      | 61 ||| Stepping ~*~*~tactically~*~*~ (stealth).
    63 | D:1      | 63 ||| Stepping ~*~*~tactically~*~*~ (stealth).
    64 | D:1      | 64 ||| Stepping ~*~*~tactically~*~*~ (stealth).
    69 | D:1      | Reached skill level 2 in Axes
   166 | D:1      | Reached XP level 2. HP: 19/19 MP: 2/2
   612 | D:1      | Reached skill level 3 in Axes
   662 | D:1      | 662 ||| Stepping ~*~*~tactically~*~*~ (hiding).
   676 | D:1      | Reached XP level 3. HP: 21/23 MP: 3/3
   900 | D:1      | 900 ||| UPGRADING to +6 ring of strength.
   901 | D:1      | 901 ||| READING scroll labelled KANGEU AFIT.
   902 | D:1      | 902 ||| READING scroll labelled SAEL KODGHUCW.
   903 | D:1      | 903 ||| READING 3 scrolls labelled XALAKKOTOH.
   904 | D:1      | 904 ||| DROPPING 2 scrolls of noise.
  1090 | D:2      | 1090 ||| FLEEEEING.
  1091 | D:2      | 1091 ||| FLEEEEING.
  1092 | D:2      | 1092 ||| Stepping ~*~*~tactically~*~*~ (stealth).
  1114 | D:2      | 1114 ||| Stepping ~*~*~tactically~*~*~ (hiding).
  1115 | D:2      | 1115 ||| Stepping ~*~*~tactically~*~*~ (hiding).
  1441 | D:2      | Identified the +3 hand axe of the End of Times {freeze, rC-
                  | Int+6}
  1515 | D:2      | Reached XP level 4. HP: 28/28 MP: 4/4
  2141 | D:2      | 2141 ||| DROPPING +6 ring of intelligence.
  2142 | D:2      | 2142 ||| UPGRADING to +5 ring of evasion.
  2143 | D:2      | 2143 ||| READING scroll labelled WEHEOP NEIPPA.
  2144 | D:2      | 2144 ||| DRINKING 2 murky amethyst potions.
  2145 | D:2      | 2145 ||| READING 2 scrolls of identify.
  2145 | D:2      | 2145 ||| IDENTIFYING fizzy sapphire potion
  2146 | D:2      | 2146 ||| DROPPING potion of degeneration.
  2147 | D:2      | 2147 ||| DROPPING potion of berserk rage.
  2188 | D:3      | 2188 ||| Stepping ~*~*~tactically~*~*~ (stealth).
  2190 | D:3      | 2190 ||| Stepping ~*~*~tactically~*~*~ (stealth).
  2202 | D:3      | Reached skill level 4 in Axes
  2272 | D:3      | Noticed Pargi
  2284 | D:3      | Killed Pargi
  2285 | D:3      | Reached skill level 5 in Axes
  2285 | D:3      | Reached XP level 5. HP: 25/32 MP: 5/5
  2475 | D:3      | 2475 ||| DROPPING +0 whip.
  2931 | D:3      | 2931 ||| READING 3 scrolls labelled CIDAZU QUBLE.
  2935 | D:3      | 2935 ||| READING scroll labelled NOTSASHYNN.
  2936 | D:3      | 2936 ||| READING 2 scrolls labelled CAVVAM ZAZAO.
  2937 | D:3      | 2937 ||| READING scroll labelled FAAQU MOISTOGI.
  2938 | D:3      | 2938 ||| READING scroll labelled ICALAU LILA.
  2939 | D:3      | 2939 ||| DRINKING 3 fuming ruby potions.
  2940 | D:3      | 2940 ||| READING 2 scrolls of identify.
  2940 | D:3      | 2940 ||| IDENTIFYING golden potion
  2941 | D:3      | 2941 ||| DROPPING potion of ambrosia.
  2942 | D:3      | 2942 ||| DROPPING scroll of vulnerability.
  2984 | D:4      | Reached skill level 1 in Dodging
  2991 | D:4      | Found an opulent altar of Gozag.
  3010 | D:4      | Found Gozag's Platinum Reserve.
  3018 | D:4      | 3018 ||| SHOPLISTING +3 hand axe of the Bedazzling King
                  | {flame, rN+ Dex+4 SInv Stlth+} (4700 gold, have 66).
  3018 | D:4      | 3018 ||| SHOPLISTING +4 leather armour "Nedou" {Rampage rF+
                  | Dex+3} (4230 gold, have 66).
  3018 | D:4      | 3018 ||| SHOPLISTING ring "Tooh" {Fly rF+ Str+4} (3990
                  | gold, have 66).
  3087 | D:4      | 3087 ||| Stepping ~*~*~tactically~*~*~ (stealth).
  3092 | D:4      | Reached XP level 6. HP: 37/37 MP: 6/6
  3097 | D:4      | 3097 ||| Stepping ~*~*~tactically~*~*~ (stealth).
  3099 | D:4      | 3099 ||| Stepping ~*~*~tactically~*~*~ (stealth).
  3100 | D:4      | 3100 ||| Stepping ~*~*~tactically~*~*~ (stealth).
  3145 | D:4      | 3145 ||| Stepping ~*~*~tactically~*~*~ (hiding).
  3265 | D:4      | 3265 ||| Stepping ~*~*~tactically~*~*~ (stealth).
  3271 | D:4      | 3271 ||| Stepping ~*~*~tactically~*~*~ (stealth).
  3676 | D:4      | 3676 ||| UPGRADING to +0 chain mail.
  3686 | D:4      | 3686 ||| DROPPING +0 scale mail.
  3737 | D:5      | Entered Level 5 of the Dungeon
  3737 | D:5      | Noticed Grinder
  3737 | D:5      | Noticed an ice beast
  3738 | D:5      | 3738 ||| PLANNING OSSUARY
  3746 | D:5      | Paralysed by Grinder for 5 turns
  3753 | D:5      | Killed an ice beast
  3756 | D:5      | 3756 ||| Stepping ~*~*~tactically~*~*~ (stealth).
  3758 | D:5      | HP: 8/38 [Grinder/nerve-wracking pain (3)]
  3759 | D:5      | 3759 ||| READING 2 scrolls of teleportation.
  3762 | D:5      | 3762 ||| READING scroll of teleportation.
  3764 | D:5      | Killed Grinder
  3765 | D:5      | Reached skill level 6 in Axes
  3765 | D:5      | Reached XP level 7. HP: 11/43 MP: 7/7
  3781 | D:5      | HP: 10/43 [scorpion (4)]
  3786 | D:5      | Reached skill level 7 in Axes
  3926 | D:5      | Found a glowing silver altar of Zin.
  3952 | D:5      | Found Xennai's Distillery.
  3961 | D:5      | 3961 ||| BUYING 2 potions of lignification (72 gold).
  3961 | D:5      | Bought 2 potions of lignification for 72 gold pieces
  3961 | D:5      | 3961 ||| BUYING potion of attraction (36 gold).
  3961 | D:5      | Bought a potion of attraction for 36 gold pieces
  3961 | D:5      | 3961 ||| SHOPLISTING potion of curing (36 gold, have 9).
  3961 | D:5      | 3961 ||| SHOPLISTING potion of enlightenment (60 gold, have
                  | 9).
  3961 | D:5      | 3961 ||| SHOPLISTING potion of haste (120 gold, have 9).
  3961 | D:5      | 3961 ||| SHOPLISTING potion of heal wounds (60 gold, have
                  | 9).
  3961 | D:5      | 3961 ||| SHOPLISTING potion of mutation (96 gold, have 9).
  4281 | D:5      | Reached XP level 8. HP: 49/49 MP: 8/8
  4308 | D:5      | Found a sand-covered staircase.
  4314 | D:5      | 4314 ||| DROPPING ring of magical power.
  4315 | D:5      | 4315 ||| READING scroll labelled MITHAANNAM.
  4316 | D:5      | 4316 ||| READING 3 scrolls of identify.
  4316 | D:5      | 4316 ||| IDENTIFYING ruby potion
  4317 | D:5      | 4317 ||| READING 2 scrolls of identify.
  4317 | D:5      | 4317 ||| IDENTIFYING orange potion
  4318 | D:5      | 4318 ||| DROPPING potion of invisibility.
  4322 | Ossuary  | Entered an ossuary
  4451 | Ossuary  | Reached skill level 8 in Axes
  4681 | Ossuary  | 4681 ||| READING 2 scrolls of identify.
  4681 | Ossuary  | 4681 ||| IDENTIFYING coppery potion
  4696 | D:5      | 4696 ||| PLANNING D:1-11
  4980 | D:5      | 4980 ||| READING 2 scrolls of identify.
  4980 | D:5      | 4980 ||| IDENTIFYING fuming silvery potion
  4981 | D:5      | 4981 ||| DROPPING potion of brilliance.
  5033 | D:6      | Found a staircase to the Ecumenical Temple.
  5033 | D:6      | Noticed Blork the orc
  5034 | D:6      | 5034 ||| PLANNING TEMPLE
  5040 | D:6      | Killed Blork the orc
  5041 | D:6      | Reached skill level 6 in Fighting
  5044 | Temple   | Entered the Ecumenical Temple
  5291 | Temple   | 5291 ||| PLANNING D:1-11
  5426 | D:6      | 5426 ||| Stepping ~*~*~tactically~*~*~ (hiding).
  5788 | D:6      | Noticed Edmund
  5802 | D:6      | Killed Edmund
  5832 | D:6      | 5832 ||| Stepping ~*~*~tactically~*~*~ (stealth).
  5833 | D:6      | 5833 ||| Stepping ~*~*~tactically~*~*~ (stealth).
  5845 | D:6      | 5845 ||| Stepping ~*~*~tactically~*~*~ (hiding).
  5905 | D:6      | 5905 ||| SWAPPING to +2 heavy war axe.
  5906 | D:6      | 5906 ||| DROPPING +1 war axe.
  6061 | D:6      | Reached skill level 9 in Axes
  6208 | D:6      | 6208 ||| UPGRADING to +0 kite shield.
  6218 | D:6      | 6218 ||| DROPPING +0 buckler.
  6219 | D:6      | 6219 ||| UPGRADING to +0 plate armour.
  6229 | D:6      | 6229 ||| DROPPING +0 chain mail.
  6230 | D:6      | 6230 ||| READING scroll labelled ZYUWAP ILI.
  6231 | D:6      | 6231 ||| READING scroll labelled YPLITU HAOFUDUL.
  6232 | D:6      | 6232 ||| DRINKING 3 pink potions.
  6232 | D:6      | Gained mutation: You have hidden genetic potential. [potion
                  | of mutation]
  6232 | D:6      | Gained mutation: Your mind is acute. (Int +4, Str/Dex -1)
                  | [potion of mutation]
  6232 | D:6      | Gained mutation: Your spells are a little easier to cast,
                  | but a little less powerful. [potion of mutation]
  6232 | D:6      | Gained mutation: You possess an exceptional clarity of
                  | mind. [potion of mutation]
  6275 | D:7      | Noticed a hornet
  6280 | D:7      | Reached XP level 9. HP: 53/55 MP: 9/9
  6280 | D:7      | Killed a hornet
  6385 | D:7      | Found a broken altar of Ashenzari.
  6407 | D:7      | Reached skill level 6 in Shields
  6430 | D:7      | 6430 ||| Stepping ~*~*~tactically~*~*~ (stealth).
  6431 | D:7      | 6431 ||| Stepping ~*~*~tactically~*~*~ (stealth).
  6439 | D:7      | 6439 ||| Stepping ~*~*~tactically~*~*~ (stealth).
  6443 | D:7      | 6443 ||| Stepping ~*~*~tactically~*~*~ (stealth).
  6443 | D:7      | Found an iron altar of Okawaru.
  6444 | D:7      | 6444 ||| PLANNING OKAWARU WORSHIP
  6528 | D:7      | Became a worshipper of Warmaster Okawaru
  6529 | D:7      | 6529 ||| PLANNING D:1-11
  6531 | D:7      | 6531 ||| DROPPING +0 mace.
  6561 | D:7      | 6561 ||| DROPPING +0 heavy mace.
  6710 | D:7      | Found a runed translucent gate.
  6712 | D:7      | Found a runed translucent gate.
  6712 | D:7      | Found a runed translucent gate.
  6716 | D:7      | Noticed qw's ghost (novice GrFi)
  6999 | D:8      | Found a radiant altar of Vehumet.
  7021 | D:8      | 7021 ||| Stepping ~*~*~tactically~*~*~ (stealth).
  7128 | D:8      | Gained mutation: Your flesh is heat resistant. (rF+)
                  | [hidden potential]
  7132 | D:8      | 7132 ||| Stepping ~*~*~tactically~*~*~ (hiding).
  7141 | D:8      | Reached * piety under Okawaru
  7141 | D:8      | Noticed Pikel
  7142 | D:8      | 7142 ||| INVOKING Heroism.
  7144 | D:8      | 7144 ||| Stepping ~*~*~tactically~*~*~ (hiding).
  7151 | D:8      | Paralysed by Pikel for 3 turns
  7157 | D:8      | Killed Pikel
  7196 | D:8      | 7196 ||| INVOKING Heroism.
  7202 | D:8      | Reached skill level 1 in Invocations
  7239 | D:8      | Identified the +9 morningstar of Theory {flame, Int+2}
  7241 | D:8      | 7241 ||| DROPPING +0 flail.
  7242 | D:8      | 7242 ||| DROPPING +2 flail of draining.
  7342 | D:8      | Noticed a troll
  7343 | D:8      | 7343 ||| INVOKING Heroism.
  7348 | D:8      | Killed a troll
  7349 | D:8      | Reached XP level 10. HP: 60/60 MP: 7/11
  7351 | D:8      | 7351 ||| Stepping ~*~*~tactically~*~*~ (stealth).
  7355 | D:8      | 7355 ||| INVOKING Heroism.
  7360 | D:8      | 7360 ||| Stepping ~*~*~tactically~*~*~ (hiding).
  7434 | D:8      | 7434 ||| INVOKING Heroism.
  7435 | D:8      | Found a staircase to the Lair.
  7439 | D:8      | Reached skill level 3 in Invocations
  7445 | D:8      | 7445 ||| INVOKING Heroism.
  7476 | D:8      | 7476 ||| SWAPPING to +1 war axe of flaming.
  7477 | D:8      | 7477 ||| DROPPING +9 morningstar of Theory {flame, Int+2}.
  7487 | D:8      | 7487 ||| Stepping ~*~*~tactically~*~*~ (stealth).
  7494 | D:8      | 7494 ||| Stepping ~*~*~tactically~*~*~ (hiding).
  7518 | D:8      | 7518 ||| Stepping ~*~*~tactically~*~*~ (stealth).
  7523 | D:8      | 7523 ||| Stepping ~*~*~tactically~*~*~ (hiding).
  7536 | D:8      | 7536 ||| Stepping ~*~*~tactically~*~*~ (hiding).
  7565 | D:8      | Found a bloodstained altar of Trog.
  7632 | D:8      | 7632 ||| READING 2 scrolls of enchant weapon.
  7632 | D:8      | 7632 ||| ENCHANTING +1 war axe of flaming.
  7633 | D:8      | 7633 ||| READING scroll of enchant weapon.
  7633 | D:8      | 7633 ||| ENCHANTING +2 war axe of flaming.
  7634 | D:8      | 7634 ||| DROPPING +2 heavy war axe.
  7667 | D:8      | 7667 ||| PLANNING LAIR
  7667 | D:8      | 7667 ||| UPGRADING to +1 pair of gloves.
  7672 | D:8      | 7672 ||| READING scroll labelled DET URUAFIREF.
  7693 | Lair:1   | Entered Level 1 of the Lair of Beasts
  7694 | Lair:1   | 7694 ||| PLANNING GAUNTLET
  7718 | Lair:1   | Found a gate leading to a gauntlet.
  7727 | Gauntlet | Entered a Gauntlet
  7727 | Gauntlet | Found a transporter.
  7727 | Gauntlet | Found a transporter.
  7730 | Gauntlet | Noticed a sixfirhy
  7730 | Gauntlet | Noticed a worldbinder
  7733 | Gauntlet | Found a transporter.
  7745 | Gauntlet | Found a transporter.
  7763 | Gauntlet | Found a transporter.
  7763 | Gauntlet | Found a transporter.
  7763 | Gauntlet | Found a transporter.
  7763 | Gauntlet | Noticed an ice statue
  7765 | Gauntlet | Found a transporter.
  7765 | Gauntlet | Found a transporter.
  7768 | Gauntlet | Noticed a catoblepas
  7769 | Gauntlet | Noticed a gargoyle
  7771 | Gauntlet | Noticed a gargoyle
  7775 | Gauntlet | Noticed a molten gargoyle
  7778 | Gauntlet | Found a transporter.
  7792 | Gauntlet | Found the ring of the Octopus King
  7793 | Gauntlet | Found a transporter.
  7801 | Gauntlet | Found a runed translucent door.
  7801 | Gauntlet | Noticed a large abomination
  7803 | Gauntlet | Found a transporter.
  7805 | Gauntlet | Found a runed translucent door.
  7818 | Gauntlet | Found a transporter.
  7838 | Gauntlet | Found a transporter.
  7878 | Gauntlet | Reached skill level 9 in Shields
  7960 | Gauntlet | Reached ** piety under Okawaru
  7965 | Gauntlet | 7965 ||| INVOKING Heroism.
  7972 | Gauntlet | HP: 12/63 [ice statue/shard of ice (28)]
  7973 | Gauntlet | 7973 ||| DRINKING 7 potions of heal wounds.
  7974 | Gauntlet | 7974 ||| Stepping ~*~*~tactically~*~*~ (cloud).
  7976 | Gauntlet | 7976 ||| Stepping ~*~*~tactically~*~*~ (cloud).
  7977 | Gauntlet | 7977 ||| INVOKING Heroism.
  7981 | Gauntlet | HP: 2/63 [ice statue/freezing blast (16)]
  7982 | Gauntlet | 7982 ||| DRINKING 6 potions of heal wounds.
  7984 | Gauntlet | 7984 ||| DRINKING 5 potions of heal wounds.
  7985 | Gauntlet | 7985 ||| Stepping ~*~*~tactically~*~*~ (cloud).
  7990 | Gauntlet | HP: 9/63 [ice statue/bolt of cold (21)]
  7991 | Gauntlet | 7991 ||| DRINKING 4 potions of heal wounds.
  7993 | Gauntlet | 7993 ||| Stepping ~*~*~tactically~*~*~ (cloud).
  7998 | Gauntlet | Killed an ice statue
  8091 | Gauntlet | 8091 ||| INVOKING Heroism.
  8093 | Gauntlet | Reached skill level 10 in Axes
  8182 | Gauntlet | Identified a ring of the Octopus King {rC+ HP+2 AC+2 EV+2
                  | SH+2}
  8186 | Gauntlet | 8186 ||| UPGRADING to ring of the Octopus King {rC+ HP+2
                  | AC+2 EV+2 SH+2}.
  8192 | Gauntlet | 8192 ||| DROPPING +6 ring of strength.
  8220 | Gauntlet | Noticed a minotaur
  8221 | Gauntlet | 8221 ||| INVOKING Heroism.
  8236 | Gauntlet | Killed a minotaur
  8324 | Gauntlet | Identified the +0 scale mail of Bilep {Str-2 Int-2 Dex+5
                  | Stlth+}
  8331 | Gauntlet | 8331 ||| UPGRADING to +1 cloak of stealth.
  8339 | Lair:1   | 8339 ||| PLANNING LAIR
  8357 | Lair:1   | 8357 ||| Stepping ~*~*~tactically~*~*~ (hiding).
  8372 | Lair:1   | Reached skill level 1 in Throwing
  8372 | Lair:1   | Reached XP level 11. HP: 56/67 MP: 14/14
  8443 | Lair:1   | Identified the +0 scale mail "Quiwk" {Slay+5}
  8446 | Lair:1   | 8446 ||| Stepping ~*~*~tactically~*~*~ (stealth).
  8447 | Lair:1   | 8447 ||| Stepping ~*~*~tactically~*~*~ (stealth).
  8449 | Lair:1   | 8449 ||| Stepping ~*~*~tactically~*~*~ (stealth).
  8450 | Lair:1   | 8450 ||| Stepping ~*~*~tactically~*~*~ (stealth).
  8456 | Lair:1   | Reached *** piety under Okawaru
  8463 | Lair:1   | 8463 ||| INVOKING Heroism.
  8485 | Lair:1   | Gained mutation: You are agile. (Dex +4, Str/Int -1)
                  | [hidden potential]
  8485 | Lair:1   | Lost mutation: You have hidden genetic potential. [hidden
                  | potential expressed]
  8625 | Lair:1   | Noticed a five-headed hydra
  8626 | Lair:1   | 8626 ||| INVOKING Heroism.
  8640 | Lair:1   | Killed a two-headed hydra
  8640 | Lair:1   | Reached **** piety under Okawaru
  8662 | Lair:1   | 8662 ||| READING scroll of enchant weapon.
  8662 | Lair:1   | 8662 ||| ENCHANTING +3 war axe of flaming.
  8677 | Lair:1   | 8677 ||| INVOKING Heroism.
  8681 | Lair:1   | Reached skill level 11 in Axes
  8743 | Lair:1   | 8743 ||| READING scroll of enchant armour.
  8743 | Lair:1   | 8743 ||| ENCHANTING +1 pair of gloves.
  8761 | Lair:1   | 8761 ||| INVOKING Heroism.
  8814 | Lair:1   | 8814 ||| INVOKING Heroism.
  8819 | Lair:1   | Reached skill level 3 in Throwing
  8833 | Lair:1   | 8833 ||| READING scroll of enchant weapon.
  8833 | Lair:1   | 8833 ||| ENCHANTING +4 war axe of flaming.
  9185 | Lair:1   | 9185 ||| READING scroll labelled LEVOYTZAULUI.
  9258 | Lair:2   | 9258 ||| INVOKING Heroism.
  9330 | Lair:2   | 9330 ||| INVOKING Heroism.
  9399 | Lair:2   | 9399 ||| INVOKING Heroism.
  9418 | Lair:2   | 9418 ||| INVOKING Heroism.
  9448 | Lair:2   | Noticed a skyshark
  9454 | Lair:2   | Killed a skyshark
  9455 | Lair:2   | 9455 ||| INVOKING Heroism.
  9458 | Lair:2   | Reached skill level 9 in Fighting
  9517 | Lair:2   | 9517 ||| INVOKING Heroism.
  9521 | Lair:2   | Reached XP level 12. HP: 76/76 MP: 13/16
  9555 | Lair:2   | Noticed a skyshark
  9565 | Lair:2   | Killed a skyshark
  9565 | Lair:2   | Received a gift from Okawaru
  9566 | Lair:2   | Reached skill level 6 in Invocations
  9715 | Lair:2   | 9715 ||| Stepping ~*~*~tactically~*~*~ (hiding).
  9717 | Lair:2   | 9717 ||| Stepping ~*~*~tactically~*~*~ (hiding).
  9732 | Lair:2   | You fall into a shaft and drop 1 floor!
  9766 | Lair:3   | 9766 ||| INVOKING Heroism.
  9777 | Lair:3   | Received a gift from Okawaru
  9969 | Lair:2   | Identified the +4 orcbow of Muhem {freeze, rC+ Str+4 Dex+3}
  9977 | Lair:2   | Noticed a four-headed hydra
  9978 | Lair:2   | 9978 ||| INVOKING Heroism.
  9990 | Lair:2   | HP: 13/78 [15-headed hydra (9)]
  9991 | Lair:2   | 9991 ||| READING 4 scrolls of teleportation.
  9991 | Lair:2   | HP: 3/78 [15-headed hydra (10)]
  9991 | Lair:2   | Mangled by a 15-headed hydra

Levels and vault maps discovered:
D:1:      minmay_arrival_three_doors, layout_loops_ring
D:2:      layout_basic, st_stairs_1, minivault_26, lemuel_flame_loot_1
D:3:      layout_basic, uniq_pargi
D:4:      layout_loops_ring, nicolae_gozag_zags_fifth_avenue
D:5:      layout_basic, overflow_temple_1_default, serial_shops, shop_fountains,
          nicolae_ossuary_entry_catacombs, minmay_holes, minmay_misc_feat_x,
          uniq_grinder
D:6:      layout_loops_corners, minmay_temple_entry_hall, uniq_blork_the_orc,
          uniq_edmund
D:7:      layout_rooms, okawaru_ov_weapons_minmay, general_overflow_altar,
          ebering_ghost_rock_garden
D:8:      layout_rooms, mainiacjoe_overflow_alcove_2,
          mainiacjoe_overflow_chevrons, erik_lair_orcish_takeover, uniq_pikel
Temple:   minmay_temple_curvy_branch
Lair:1:   layout_loops_ring, gauntlet_entry_generic, serial_bayou_pond_e
Lair:2:   layout_roguey, enter_volcano_3
Lair:3:   layout_cave_pods, minmay_swamp_entry_reptiles,
          nicolae_spider_entry_lesser_pyramids, infiniplex_staircase_pool_2,
          uniq_prince_ribbit2

Skill      XL: |  1  2  3  4  5  6  7  8  9 10 11 12 |
---------------+-------------------------------------+-----
Axes           | 2 3 5 6 7 9 10 11 | 11.1
Dodging        | 1 2 |  2.7
Fighting       | 4 5 6 7 9 |  9.0
Shields        | 8 9 10 | 10.0
Armour         | 5 7 8 |  8.1
Invocations    | 2 4 5 6 |  6.8
Throwing       | 1 3 |  3.2

Action                     |  1- 3 |  4- 6 |  7- 9 | 10-12 || total
---------------------------+-------+-------+-------+-------++-------
  Melee: War axe           |   105 |   113 |   334 |   266 ||   818
  Throw: Javelin           |       |       |       |    12 ||    12
         Boomerang         |       |       |       |     3 ||     3
 Invoke: Heroism           |       |       |     3 |    20 ||    23
    Use: Scroll            |     3 |    10 |     7 |     8 ||    28
         Potion            |       |     2 |     1 |     4 ||     7
   Stab: Distracted        |       |       |       |     2 ||     2
 Armour: Scale mail        |    40 |    38 |       |       ||    78
         Chain mail        |       |    13 |    54 |       ||    67
         Plate armour      |       |       |    57 |   118 ||   175
  Dodge: Dodged            |    46 |    83 |   155 |   115 ||   399
  Block: Buckler           |    15 |    24 |    26 |       ||    65
         Kite shield       |       |       |    32 |   146 ||   178

Table legend:
 A = Non-vault XP
 B = Vault XP
 C = Vault XP percentage of total XP
 D = Non-vault monster count
 E = Vault monster count
 F = Vault count percentage of total count
                 A         B        C        D         E       F
            +---------+---------+-------+---------+---------+-------
      Total |   15014 |    6323 |  29.6 |     160 |      73 |  31.3
            +---------+---------+-------+---------+---------+-------
        D:1 |      40 |       0 |   0.0 |      24 |       0 |   0.0
        D:2 |      45 |       6 |  11.8 |      17 |       3 |  15.0
        D:3 |      57 |     141 |  71.2 |      13 |       1 |   7.1
        D:4 |     125 |       0 |   0.0 |      10 |       0 |   0.0
        D:5 |     400 |     637 |  61.4 |       8 |       7 |  46.7
        D:6 |     339 |     260 |  43.4 |       9 |       2 |  18.2
        D:7 |     971 |       0 |   0.0 |      18 |       0 |   0.0
        D:8 |    1210 |    1194 |  49.7 |      24 |       8 |  25.0
     Lair:1 |    6311 |       0 |   0.0 |      18 |       0 |   0.0
     Lair:2 |    5341 |       0 |   0.0 |      17 |       0 |   0.0
     Lair:3 |     175 |     588 |  77.1 |       2 |       4 |  66.7
    Ossuary |       0 |     249 | 100.0 |       0 |      38 | 100.0
   Gauntlet |       0 |    3248 | 100.0 |       0 |      10 | 100.0
            +---------+---------+-------+---------+---------+-------
